AoeStats
← [CL] EnRolen

Arabia

508554908Analyzed
1v1 RM · 11d ago on Sep 23, 2026· 32m 24s· 2 players
Game mode
Random Map
Map size
Tiny (2 player)
Population
200
Speed
Normal
Resources
Standard
Victory
Conquest
Starting age
Dark Age
Ending age
Imperial Age
RankedLock teamsTeams togetherTeam positionsShared explorationLock speedFull tech treeHidden civsTurbo modeCheats
Victory
Defeat
🇨🇱 Mongols · Chile
1269
+17
🇦🇷 Mongols · Argentina
1291
-17
[CL] EnRolen
8:50 Feudal Age
7:21 Loom
13:12 Forging
13:07 Scale Barding Armor
23:01 Castle Age
21:31 Bloodlines
21:14 Gold Mining
22:41 Fletching
22:43 Double-Bit Axe
22:41 Horse Collar
24:16 Wheelbarrow
marimari
6:50 Loom
8:35 Feudal Age
10:00 Double-Bit Axe
12:45 Horse Collar
21:03 Castle Age
19:26 Gold Mining
21:07 Pikeman
23:41 Forging
26:54 Husbandry
29:33 Bloodlines
31:54 Scale Barding Armor
Connection lost

Rejoining the realm…

Still unreachable

The connection could not be restored.

Session expired

The server has moved on; the page needs a fresh start.